 Dungeon Crawl Stone Soup version 0.18.1-6-gd335043 (webtiles) character file.

172 Medar the Slasher (level 5, -1/67 HPs)
             Began as a Minotaur Chaos Knight on May 20, 2016.
             Slain by a chaos spawn (15 damage)
             ... summoned by Xom
             ... on level 2 of the Dungeon.
             The game lasted 00:06:04 (1761 turns).

Medar the Slasher (Minotaur Chaos Knight)           Turns: 1761, Time: 00:06:05

Health: -1/67      AC:  5    Str: 23    XL:     5   Next: 27%
Magic:  2/4        EV: 11    Int:  9    God:    Xom [......]
Gold:   44         SH:  0    Dex:  9    Spells: 0 memorised, 4 levels left

rFire  . . .     SeeInvis .     a - +0 scimitar
rCold  . . .     Gourm    .     p - +2 leather armour
rNeg   . . .     Faith    .     (no shield)
rPois  .         Spirit   .     (helmet restricted)
rElec  .         Dismiss  .     (no cloak)
rCorr  .         Reflect  .     (no gloves)
SustAt .         Harm     .     (no boots)
MR     .....                    f - amulet of rage
Stlth  ..........               d - ring of ice
                                h - ring of fire

@: berserking, very quick, not resistant to hostile enchantments, extremely
unstealthy
A: retaliatory headbutt, horns 2
a: Renounce Religion, Evoke Berserk Rage


You were on level 2 of the Dungeon.
You worshipped Xom.
You were a very special plaything of Xom.
You were not hungry.

You visited 1 branch of the dungeon, and saw 3 of its levels.

You collected 44 gold pieces.

Inventory:

Hand Weapons
 a - a +0 scimitar (weapon)
 b - a +0 falchion of chaos
Missiles
 i - 3 javelins (quivered)
 s - 9 poisoned needles
Armour
 p - a +2 leather armour (worn)
Jewellery
 d - a ring of ice (right hand)
 f - an amulet of rage (around neck)
 h - a ring of fire (left hand)
 n - an uncursed amulet of guardian spirit
 o - an uncursed ring of fire
Scrolls
 k - 3 scrolls of remove curse {@r1}
 q - a scroll of immolation {unknown}
Potions
 j - a potion of agility {unknown}
 l - a potion of resistance
 r - a potion of heal wounds {unknown}
 t - a potion of degeneration {unknown}
 u - a potion of berserk rage {unknown}
Comestibles
 c - 2 bread rations {@e1}
 g - a chunk of flesh
 m - a meat ration {@e2}


   Skills:
 - Level 3.6 Fighting
 + Level 7.2 Long Blades
 - Level 2.4 Armour
 - Level 1.1 Dodging


You had 4 spell levels left.
You didn't know any spells.

Dungeon Overview and Level Annotations

Branches:
Dungeon (3/15)

Altars:
Yredelemnul


Innate Abilities, Weirdness & Mutations

You reflexively headbutt those who attack you in melee.
You have a pair of horns on your head.


Message History

You are too injured to fight recklessly!
Press: ? - help, v - describe, . - travel
Here: a chaos spawn (summoned)
The floor.
Unknown command.
You fail to use your ability.
The chaos spawn hits you!
* * * LOW HITPOINT WARNING * * *
Drink which item? (? for menu, Esc to quit)
You feel better. The chaos spawn gores you.
* * * LOW HITPOINT WARNING * * *
A red film seems to cover your vision as you go berserk!
You feel yourself moving faster!
You feel mighty! The chaos spawn closely misses you. You furiously retaliate!
You headbutt the chaos spawn. You closely miss the chaos spawn.
Your headbutt misses the chaos spawn.
The chaos spawn is lightly wounded.
You slash the chaos spawn!
The chaos spawn is moderately wounded.
The chaos spawn hits you!
You die...

..# ####.##...###.#.#.#.# ##..
#.##.......#.#'#'## ##.
#.##..P.P..#......###### ###+###
#.##..._...)...........# ......#
#.##..P.P.##...........#
......###'##......##...........##
......##.....#.######..........'.
....รท.''.....#.3@..............##
......##.....######............#
.............# #.#..........#
...[...##.#### #.#..........#
........#.# #.#..........#
#######.#.# #.##.###....## #...#
#.##.# #....# ##..####### #.##.#
#....#


You could see a chaos spawn.

Vanquished Creatures
  A giant frog (D:3)
  Terence (D:2)
  5 adders (D:2)
  A worm (D:2)
  2 giant geckos
  A bat (D:2)
  5 giant cockroaches
  6 goblins
  3 hobgoblins
  A ball python (D:1)
  4 giant newts
  2 kobolds
  5 rats
37 creatures vanquished.

Vanquished Creatures (others)
  A kobold (D:3)
1 creature vanquished.

Grand Total: 38 creatures vanquished

Notes
Turn   | Place    | Note
--------------------------------------------------------------
     0 | D:1      | Medar the Minotaur Chaos Knight began the quest for the Orb.
     0 | D:1      | Reached XP level 1. HP: 19/19 MP: 0/0
    39 | D:1      | XOM: divination: magic mapping
   206 | D:1      | Reached skill level 4 in Long Blades
   367 | D:1      | Reached XP level 2. HP: 26/26 MP: 1/1
   765 | D:1      | XOM: 2-stop teleportation journey
   884 | D:2      | Found a faded altar to an unknown god.
   888 | D:2      | XOM: smoke on damage
   890 | D:2      | Reached skill level 5 in Long Blades
   890 | D:2      | Reached XP level 3. HP: 24/31 MP: 2/2
  1159 | D:2      | Found a basalt altar of Yredelemnul.
  1162 | D:2      | XOM: harmless Tloc miscast
  1194 | D:2      | XOM: harmless Trmt miscast
  1199 | D:2      | Reached skill level 6 in Long Blades
  1199 | D:2      | Reached XP level 4. HP: 39/39 MP: 3/3
  1454 | D:3      | Noticed Terence
  1454 | D:3      | Noticed Natasha
  1516 | D:2      | Killed Terence
  1552 | D:2      | XOM is BORED!
  1552 | D:2      | XOM: mild Fire miscast
  1599 | D:3      | XOM: confusion (+ monsters)
  1602 | D:3      | Noticed Natasha
  1602 | D:3      | Natasha changed into Natasha the giant frog
  1602 | D:3      | XOM: polymorph Natasha -> Natasha the giant frog
  1611 | D:3      | Killed Natasha the giant frog
  1611 | D:3      | Reached skill level 7 in Long Blades
  1611 | D:3      | Reached XP level 5. HP: 10/45 MP: 4/4
  1745 | D:2      | XOM: summons 2 hostile demons
  1746 | D:2      | Noticed a chaos spawn
  1761 | D:2      | Slain by a chaos spawn

Skill      XL: |  1  2  3  4 |
---------------+-------------+-----
Long Blades    | 4 5 6 7 |  7.2
Fighting       | |  3.6
Armour         | |  2.4
Dodging        | |  1.1

Action                   |  1- 3 |  4- 6 || total
-------------------------+-------+-------++-------
Melee: Falchion          |    87 |     4 ||    91
       Headbutt          |     4 |     4 ||     8
       Scimitar          |       |    29 ||    29
Throw: Javelin           |     1 |       ||     1
 Abil: Evoke Berserk Rag |     2 |     3 ||     5
  Use: Scroll            |     4 |       ||     4
       Potion            |       |     3 ||     3
  Eat: Chunk             |     2 |     4 ||     6
Armor: Leather armour    |    22 |     4 ||    26
Dodge: Dodged            |    52 |    20 ||    72
